 Dungeon Crawl Stone Soup version 0.31-a0-609-g7bf6ffcfed (webtiles) character file.

Game seed: 7640221940932951576

691 Hubris850 the Changeling (level 7, -3/60 HPs)
             Began as a Troll Shapeshifter on Aug 21, 2023.
             Was an Initiate of Nemelex Xobeh.
             Slain by a gnoll
             ... wielding a +0 spear of venom
             ... led by a gnoll bouda
              (6 damage)
             ... on level 5 of the Dungeon.
             The game lasted 00:10:15 (2994 turns).

Hubris850 the Changeling (Troll Shapeshifter)       Turns: 2994, Time: 00:10:16

Health: -3/60      AC:  5    Str: 24    XL:     7   Next: 36%
Magic:  21/21      EV: 10    Int:  4    God:    Nemelex Xobeh [......]
Gold:   139        SH:  0    Dex: 12    Spells: 6/6 levels left

rFire   . .          .
                       - Unarmed
rCold   . . .        (shield currently unavailable)
rNeg    . . .        a - +0 animal skin
rPois   .            (helmet restricted)
rElec   .            u - +0 cloak
rCorr   .            (gloves unavailable)
SInv    .            (boots unavailable)
Will    .....        w
                       - Hermit's Pendant {Faith Invo=14 Evo=0 MP+5}
Stlth   +            i - ring of flight
HPRegen 1.10/turn    (no ring)
MPRegen 0.17/turn

%: faith
@: lethally poisoned (-3 -> -12), flux-form, flying, glowing
A: glow, contaminating, reduced hp, large, unfitting armour, claws 3,
regeneration 1, shaggy fur 1, tough skin 1
a: Begin Untransformation, Renounce Religion, Draw Escape, Draw Destruction,
Draw Summoning


You were on level 5 of the Dungeon.
You worshipped Nemelex Xobeh.
Nemelex Xobeh was noncommittal.
You were something dangerously unstable.
You visited 2 branches of the dungeon, and saw 6 of its levels.

You collected 139 gold pieces.

Inventory:

Missiles
 e - 2 boomerangs
 p - a throwing net
 q - 3 datura-tipped darts
 s - 8 poisoned darts
Armour
 a - a +0 animal skin (worn)
 u - a +0 cloak (worn)
Jewellery
 i - a ring of flight (left claw)
 w - the Hermit's Pendant (around neck) {Faith Invo=14 Evo=0 MP+5}
   (You found it on level 4 of the Dungeon)

   [amulet of faith]

   Invo=14: It sets your Invocations skill to 14.
   Evo=0: It sets your Evocations skill to 0.
   Faith:     It allows you to gain divine favour quickly.
   MP+5:      It affects your magic capacity (+5).
Talismans
 c - a beast talisman
 d - a flux talisman (active)
Wands
 m - a wand of flame (12)
 v - a wand of paralysis (14)
Scrolls
 j - a scroll of vulnerability {unknown}
 x - a scroll of teleportation {unknown}
Potions
 b - a potion of lignification
 f - a potion of haste
 g - 2 potions of invisibility
 h - 2 potions of cancellation
 k - 2 potions of might
 l - 2 potions of curing
 n - 2 potions of magic
 o - a potion of enlightenment
 t - a potion of brilliance {unknown}


   Skills:
 - Level 0.7 Fighting
 - Level 3.3 Dodging
 - Level 5.0 Unarmed Combat
 + Level 5.9 Shapeshifting


You had 6 spell levels left.
You didn't know any spells.
Your spell library contained the following spells:

 Spells                   Type           Power      Damage    Failure   Level
 Shock                    Conj/Air       0%         1d3       50%         1
 Lesser Beckoning         Tloc           0%         N/A       65%         2
 Gell's Gravitas          Tloc           0%         N/A       86%         3
 Swiftness                Air            0%         N/A       86%         3
 Teleport Other           Tloc           0%         N/A       86%         3
 Airstrike                Air            0%         2d(0-16)  99%         4


Dungeon Overview and Level Annotations

Branches:
Dungeon (5/15)             Temple (1/1) D:4

Altars:
Ashenzari
Cheibriados
Dithmenos
Elyvilon
Fedhas
Gozag
Hepliaklqana
Kikubaaqudgha
Makhleb
Nemelex Xobeh
Okawaru
Qazlal
Ru
Sif Muna
Trog
Uskayaw
Vehumet
Wu Jian
Xom
Zin
The Shining One

Annotations:
D:4 1 runed translucent door


Innate Abilities, Weirdness & Mutations

You are something dangerously unstable.
You glow with magical radiation, making you easy to see and hit.
Foes you strike become dangerously contaminated with magical radiation.
Your maximum health is decreased, since you lack skill for your form.
You are incapable of wielding weapons or throwing items.
You are too large for most types of armour.
You have claws for hands.
Your natural rate of healing is unusually fast.
You are covered in fur. (AC +1)
You have tough skin. (AC +1)


Message History

You feel sick. The gnoll barely misses you.
The gnoll hits you from afar with a +0 spear of venom.
You scratch the gnoll but do no damage.
The gnoll glows dangerously bright.
The gnoll is heavily wounded.
You feel sick. The gnoll barely misses you. The gnoll completely misses you.
You barely miss the gnoll.
The gnoll is heavily wounded.
You feel sick. The gnoll barely misses you.
You scratch the gnoll.
You kill the gnoll!
Your attacks no longer feel as feeble.
You feel sick.
The gnoll hits you from afar with a +0 spear of venom.
You are more poisoned.
You closely miss the gnoll.
You feel very sick.
The gnoll hits you from afar with a +0 spear of venom.
The gnoll closely misses you.
You scratch the gnoll.
The gnoll begins to glow.
The gnoll is moderately wounded.
You feel very sick. The gnoll barely misses you.
The gnoll hits you with a +0 club.
You scratch the gnoll.
The gnoll glows dangerously bright.
The gnoll is heavily wounded.
You feel sick.
The gnoll hits you from afar with a +0 spear of venom.
You are more poisoned.
The gnoll hits you with a +0 club.
* * * LOW HITPOINT WARNING * * *
You claw the gnoll!
You kill the gnoll!
You feel very sick.
The gnoll hits you from afar with a +0 spear of venom.
* * * LOW HITPOINT WARNING * * *
You are more poisoned.
* * * LOW HITPOINT WARNING * * *
You feel very sick.
The gnoll hits you with a +0 spear of venom.
You die...
Your body disappears without additional glow.

#..#≈≈#≈≈≈≈.........
#.~#≈≈≈≈#≈##.#.#.#..
#.≈≈#≈≈≈≈≈≈#.##...#
#≈≈≈≈≈≈≈≈~.# #.##
##≈≈#≈#≈##.# .#
#≈≈≈≈≈≈#..###.#
#≈#≈≈≈##......#
...####.....#####.#
.............B....#
..############g.###
..# ..# ..# #$# .#
.#


You could see a gnoll (swift).

Vanquished Creatures
  The ghost of Age the Trooper, an amateur MiFi of Cheibriados (D:4)
  A black bear (D:5)
  An ogre (D:3)
  A bullfrog (D:4)
  A gnoll bouda (D:5)
  An orc priest (D:4)
  A sleepcap (D:4)
  An iguana (D:4)
  4 gnolls
  7 adders
  A worm (D:2)
  2 dart slugs
  7 orcs (D:4)
  12 ball pythons
  3 bats
  5 endoplasms
  6 goblins
  7 hobgoblins
  3 jackals (D:1)
  5 quokkas
  5 frilled lizards
  5 kobolds
  2 rats
82 creatures vanquished.

Notes
Turn   | Place    | Note
-------+----------+-------------------------------------------
     0 | D:1      | Hubris850 the Troll Shapeshifter began the quest for the
                  | Orb.
     0 | D:1      | Reached XP level 1. HP: 18/18 MP: 0/0
    55 | D:1      | Reached XP level 2. HP: 20/26 MP: 1/1
   491 | D:1      | Reached XP level 3. HP: 32/32 MP: 2/2
  1145 | D:2      | Reached XP level 4. HP: 40/40 MP: 3/3
  1538 | D:3      | Noticed an ogre
  1546 | D:3      | Killed an ogre
  1547 | D:3      | Reached XP level 5. HP: 39/46 MP: 4/4
  2217 | D:4      | Found a staircase to the Ecumenical Temple.
  2227 | D:4      | Found a runed translucent door.
  2228 | D:4      | Noticed Age's ghost (amateur MiFi)
  2239 | Temple   | Entered the Ecumenical Temple
  2317 | Temple   | Became a worshipper of Nemelex Xobeh the Trickster
  2353 | D:4      | Found a runed translucent door.
  2364 | D:4      | Reached XP level 6. HP: 48/54 MP: 5/5
  2390 | D:4      | Killed Age's ghost
  2391 | D:4      | Reached skill level 5 in Unarmed Combat
  2469 | D:4      | Reached skill level 5 in Shapeshifting
  2653 | D:4      | Found a faded altar of an unknown god.
  2653 | D:4      | Found the Hermit's Pendant {Faith Invo=14 Evo=0 MP+5}
  2662 | D:4      | Reached XP level 7. HP: 56/61 MP: 6/6
  2835 | D:4      | Found a burning altar of Makhleb.
  2841 | D:4      | Found a glowing golden altar of the Shining One.
  2843 | D:4      | Found a hazy altar of Hepliaklqana.
  2843 | D:4      | Found a shimmering blue altar of Sif Muna.
  2844 | D:4      | Found a bloodstained altar of Trog.
  2845 | D:4      | Found an ornate altar of the Wu Jian Council.
  2846 | D:4      | Found a broken altar of Ashenzari.
  2904 | D:5      | Entered Level 5 of the Dungeon
  2994 | D:5      | HP: 3/60 [poisoned by a gnoll]
  2994 | D:5      | Slain by a gnoll

Illustrated notes

Levels and vault maps discovered:
D:1:      roderic_crop_circles_arrival_small, layout_basic
D:2:      layout_rooms
D:3:      wander_river, layout_rooms, serial_aquarium,
          aquarium_bridge_long_separate [aquarium_subvault_balcony,
          aquarium_subvault_window, aquarium_subvault_bridge,
          aquarium_subvault_window, aquarium_subvault_bridge,
          aquarium_subvault_bridge], aquarium_bridge_straight
          [aquarium_subvault_bridge, aquarium_subvault_window,
          aquarium_subvault_bridge, aquarium_subvault_balcony],
          aquarium_window_corridor_3, aquarium_window_1, aquarium_window_fake,
          aquarium_window_1, aquarium_view_2f, aquarium_balcony_double_3
D:4:      nicolae_cairo_tiling_very_big, layout_rooms, minitemple,
          minmay_temple_entry_statues, ebering_ghost_sewer_f, dk_noncrumbling_2,
          hellmonk_guarded_unrand_hermit
D:5:      layout_loops_ring, minivault_4, corexii_hall_statues_u,
          hangedman_decor_points, uniq_eustachio, uniq_edmund, uniq_duvessa
Temple:   eino_narrow_crystal_temple

Skill      XL: |  1  2  3  4  5  6 |
---------------+-------------------+-----
Dodging        | 2 3 |  3.3
Unarmed Combat | 4 5 |  5.0
Shapeshifting  | 4 5 |  5.9
Fighting       | |  0.7

Action                     |  1- 3 |  4- 6 |  7- 9 || total
---------------------------+-------+-------+-------++-------
  Melee: Unarmed           |    79 |    88 |    19 ||   186
         Punch             |     3 |       |       ||     3
Ability: Begin Untransform |       |     1 |       ||     1
    Use: Scroll            |     3 |     4 |     2 ||     9
   Stab: Sleeping          |     1 |     4 |       ||     5
 Armour: Animal skin       |    21 |    12 |     3 ||    36
  Dodge: Dodged            |    22 |    27 |    16 ||    65
   Form: Flux              |       |     1 |       ||     1

Table legend: (Time is in decaauts)
 A = Elapsed time spent in this place.
 B = Non-inter-level travel time spent in this place.
 C = Inter-level travel time spent in this place.
 D = Time resting spent in this place.
 E = Time spent auto-exploring this place.
 F = Levels seen in this place.
 G = Mean time per level.
                   A        B        C        D        E       F      G
               +--------+--------+--------+--------+--------+-----+--------+
         Total |   2979 |   2858 |    121 |      0 |   2268 |   6 |  496.5 |
       Dungeon |   2893 |   2780 |    113 |      0 |   2268 |   5 |  578.6 |
        Temple |     86 |     78 |      8 |      0 |      0 |   1 |   86.0 |
               +--------+--------+--------+--------+--------+-----+--------+

Top non-repeatable levels by time:
     D:1: 880 daAuts
     D:4: 809 daAuts
     D:3: 591 daAuts
     D:2: 523 daAuts
     D:5: 88 daAuts
  Temple: 86 daAuts
